 Dungeon Crawl Stone Soup version 0.23-a0-405-g368ce00 (webtiles) character file.

35 MisterFreud the Sneak (level 3, -4/15 HPs)
             Began as a Felid Transmuter on Nov 6, 2018.
             Killed from afar by an orc wizard (9 damage)
             ... with a magic dart
             ... on level 2 of the Dungeon.
             The game lasted 00:04:07 (1459 turns).

MisterFreud the Sneak (Felid Transmuter)            Turns: 1459, Time: 00:04:08

Health: -4/15      AC:  1    Str:  7    XL:     3   Next: 17%
Magic:  2/7        EV: 18    Int: 14    God:
Gold:   80         SH:  0    Dex: 16    Spells: 3/6 levels left
                                        Lives:  0   Deaths: 0

rFire    . . .     SeeInvis +     - Unarmed
rCold    . . .     Gourm    .   (shield unavailable)
rNeg     . . .     Faith    .   (armour unavailable)
rPois    .         Spirit   .   (helmet unavailable)
rElec    .         Reflect  .   (cloak unavailable)
rCorr    .         Harm     .   (gloves unavailable)
MR       .....                  (boots unavailable)
Stlth    ++........             (no amulet)
HPRegen  0.05/turn              (no ring)
MPRegen  0.10/turn              (no ring)

@: confused, appendage (expiring), very slightly contaminated, quick
A: very small, no armour, no weapons or thrown items, stealth, claws 1, fangs 3,
horns 2, see invisible, carnivore, speed 1, shaggy fur 1, slow metabolism 1,
sharp paws
a: End Transformation


You were on level 2 of the Dungeon.
You were very full.
You had grown temporary horns.
You visited 1 branch of the dungeon, and saw 2 of its levels.

You collected 80 gold pieces.

Inventory:

Missiles
 a - 10 arrows
Scrolls
 b - 2 scrolls of remove curse
 g - a scroll of noise {unknown}
 i - a scroll of teleportation {unknown}
Potions
 e - a potion of invisibility
 h - a potion of brilliance
 j - a potion of mutation {unknown}
Comestibles
 c - 4 rations


   Skills:
 - Level 1.0 Fighting
 - Level 2.6 Dodging
 + Level 4.3 Stealth
 - Level 3.0 Unarmed Combat
 - Level 2.0 Spellcasting
 - Level 2.1 Transmutations


You had 3 spell levels left.
You knew the following spells:

 Your Spells              Type           Power        Failure   Level  Hunger
a - Beastly Appendage     Tmut           #.....       10%         1    ##.....
b - Sticks to Snakes      Tmut           #.......     14%         2    ###....

Your spell library contained the following spells:

 Spells                   Type           Power        Failure   Level  Hunger
 Spider Form              Tmut/Pois      #.........   41%         3    ####...
 Ice Form                 Ice/Tmut       #.......     83%         4    #####..
 Blade Hands              Tmut           #.........   95%         5    ######.


Dungeon Overview and Level Annotations

Branches:
Dungeon (2/15)

Altars:


Innate Abilities, Weirdness & Mutations

You cannot wear armour.
You are incapable of wielding weapons or throwing items.
Your paws allow you to move quietly. (Stealth)
You have sharp claws.
You have razor-sharp teeth.
You have supernaturally acute eyesight. (SInv)
You are carnivorous and can eat meat at any time.
You cover ground quickly.
You are covered in fur. (AC +1)
You have a slow metabolism.
Your sharp claws are effective at attacking unaware monsters.
You have a pair of horns on your head.


Message History

Unknown command.
You bump into the rock wall.
The orc hits your ball python with a +0 hand axe.
Your ball python bites the orc but does no damage.
Your ball python barely misses the orc.
Are you sure you want to stumble around while confused and next to your ball [Y]es or [N]o only, please.
Are you sure you want to stumble around while confused and next to your ball
Okay, then.
Unknown command.
Unknown command.
Unknown command.
The orc wizard barely misses you.
Your ball python closely misses the orc.
Your ball python barely misses the orc.
The orc hits your ball python with a +0 hand axe.
The orc wizard casts a spell at you. The magic dart hits you!
Ouch! That really hurt!
You die...

#........................
###.#.###........#.......
..#.## ###o....#.......
..#.#. ..#.....#.......
.# #. #.#.....#....... #.
#.#.....#....... #.
#.#.....######..
##.#.#%##.#.....# #.
#......@ooo.....# .
#.......S...##### #
#...........#
#.....S.....#
#.....####### #.##.. #
#.. #..


You could see an orc wizard, 2 orcs, a friendly adder (confused) and a friendly
ball python.

Vanquished Creatures
  A dart slug (D:1)
  A giant cockroach (D:1)
  2 hobgoblins (D:1)
  4 jackals (D:1)
  6 kobolds
  5 bats (D:1)
  3 frilled lizards
  5 goblins
  4 rats
31 creatures vanquished.

Vanquished Creatures (collateral kills)
  A worm (D:2)
1 creature vanquished.

Grand Total: 32 creatures vanquished

Notes
Turn   | Place    | Note
-------+----------+-------------------------------------------
     0 | D:1      | MisterFreud the Felid Transmuter began the quest for the
                  | Orb.
     0 | D:1      | Reached XP level 1. HP: 9/9 MP: 4/4
   103 | D:1      | Reached skill level 1 in Stealth
   113 | D:1      | Reached skill level 2 in Stealth
   139 | D:1      | Reached XP level 2. HP: 11/12 MP: 4/6
   218 | D:1      | Reached skill level 3 in Stealth
   487 | D:1      | Learned a level 2 spell: Sticks to Snakes
   815 | D:1      | Reached skill level 4 in Stealth
   838 | D:1      | Reached XP level 3. HP: 10/15 MP: 5/7
  1459 | D:2      | Killed from afar by an orc wizard

Vault maps used:
D:1:      lightli_arrival_lavapool, minmay_strange_pillars
D:2:      lemuel_coloured_pillars_altar

Skill      XL: |  1  2 |
---------------+-------+-----
Stealth        | 2 4 |  4.3
Fighting       | |  1.0
Dodging        | |  2.6
Unarmed Combat | |  3.0
Spellcasting   | |  2.0
Transmutations | |  2.1

Action                   || total
-------------------------++-------
Melee: Unarmed           ||    85
       Headbutt          ||     5
       Bite              ||     4
 Cast: Beastly Appendage ||    15
       Sticks to Snakes  ||     2
  Use: Scroll            ||     3
 Stab: Sleeping          ||     7
  Eat: Chunk             ||     8
Armor: Skin              ||     5
Dodge: Dodged            ||    67

Table legend:
 A = Non-vault XP
 B = Vault XP
 C = Vault XP percentage of total XP
 D = Non-vault monster count
 E = Vault monster count
 F = Vault count percentage of total count
                 A         B        C        D         E       F
            +---------+---------+-------+---------+---------+-------
      Total |      51 |       0 |   0.0 |      32 |       0 |   0.0
            +---------+---------+-------+---------+---------+-------
        D:1 |      41 |       0 |   0.0 |      25 |       0 |   0.0
        D:2 |      10 |       0 |   0.0 |       7 |       0 |   0.0
            +---------+---------+-------+---------+---------+-------
